 Dungeon Crawl Stone Soup version 0.30-a0-121-gb27577e5d9 (webtiles) character file.

Game seed: 9954145380071240370

25 NinjaNoafa the Chopper (level 3, -10/46 HPs)
             Began as a Hill Orc Monk on Sept 14, 2022.
             Was an Initiate of Gozag.
             Mangled by Sigmund
             ... wielding a +2 scythe of protection
              (11 damage)
             ... on level 2 of the Dungeon.
             The game lasted 00:02:57 (1243 turns).

NinjaNoafa the Chopper (Hill Orc Monk)              Turns: 1243, Time: 00:02:58

Health: -10/46     AC: 21    Str: 15    XL:     3   Next: 6%
Magic:  3/3        EV:  2    Int: 10    God:    Gozag
Gold:   36         SH:  0    Dex: 13    Spells: 2/2 levels left

rFire   . . .      SeeInvis .    a - +0 hand axe
rCold   . . .      Faith    .    (no shield)
rNeg    . . .      Spirit   .    (body armour currently unavailable)
rPois   +          Reflect  .    (helmet currently unavailable)
rElec   .          Harm     .    (cloak currently unavailable)
rCorr   .          Rampage  .    (gloves currently unavailable)
Will    .....      NoTele   +    (boots currently unavailable)
Stlth   ++........               (no amulet)
HPRegen 0.15/turn                (no ring)
MPRegen 0.08/turn                (no ring)

@: tree-form (expiring)
A: stationary, stasis, torment immunity, boosted hp
a: Renounce Religion, Potion Petition, Call Merchant, Bribe Branch


You were on level 2 of the Dungeon.
You worshipped Gozag.
Gozag was noncommittal.
You were a tree.
You visited 1 branch of the dungeon, and saw 2 of its levels.

You collected 36 gold pieces.

Inventory:

Hand Weapons
 a - a +0 hand axe (weapon)
Armour
 d - a +0 ring mail (melded)
 g - a +0 pair of boots (melded)
Scrolls
 k - a scroll of identify


   Skills:
 - Level 3.6 Fighting
 - Level 4.0 Axes
 + Level 2.9 Armour
 - Level 2.4 Dodging
 - Level 1.5 Stealth


You had 2 spell levels left.
You didn't know any spells.
Your spell library was empty.

Dungeon Overview and Level Annotations

Branches:
Dungeon (2/15)

Altars:
Gozag

Annotations:
D:2 Sigmund


Message History

The puff of flame hits you.
You swing at nothing.
Something hits you but does no damage.
You cannot move.
You cannot move.
A magic dart appears from out of thin air!
The magic dart hits you.
* * * LOW HITPOINT WARNING * * *
Sigmund appears from thin air!
Reactivating autopickup.
Sigmund hits you but does no damage.
You feel better. Sigmund gestures at you while chanting.
The magic dart hits you! Sigmund barely misses you.
You feel better.
You don't have any unidentified items.
Sigmund hits you but does no damage.
Sigmund hits you from afar with a +2 scythe of protection.
Sigmund zaps a wand.
The puff of flame hits you. Sigmund hits you but does no damage.
Sigmund zaps a wand.
The puff of flame hits you.
* * * LOW HITPOINT WARNING * * *
The now-empty wand crumbles to dust.
Sigmund hits you but does no damage.
Okay, then.
Sigmund hits you from afar with a +2 scythe of protection.
* * * LOW HITPOINT WARNING * * *
Sigmund hits you but does no damage.
You cannot move.
You cannot move.
Your transformation is almost over.
Sigmund hits you from afar with a +2 scythe of protection.
* * * LOW HITPOINT WARNING * * *
Sigmund hits you but does no damage.
You cannot move.
Sigmund hits you from afar with a +2 scythe of protection.
* * * LOW HITPOINT WARNING * * *
Sigmund hits you from afar with a +2 scythe of protection!
You die...
Your body crumbles into a pile of gold.

#....# #....#
#....## #.....###
##.......#
.........# #.._@.#
#.#.♣...# #......)#
####.#.##
###########
#....###..........
####..##..........
#######..#..........
.?..................
#########...........
##..........


You could see Sigmund.

Vanquished Creatures
  A dart slug (D:1)
  4 bats (D:1)
  2 endoplasms
  2 giant cockroaches (D:1)
  3 goblins (D:1)
  2 hobgoblins (D:1)
  2 kobolds (D:1)
  A quokka (D:1)
  A ball python (D:1)
  2 frilled lizards (D:1)
20 creatures vanquished.

Notes
Turn   | Place    | Note
-------+----------+-------------------------------------------
     0 | D:1      | NinjaNoafa the Hill Orc Monk began the quest for the Orb.
     0 | D:1      | Reached XP level 1. HP: 19/19 MP: 1/1
   291 | D:1      | Reached skill level 1 in Armour
   352 | D:1      | Reached XP level 2. HP: 23/26 MP: 2/2
   948 | D:1      | Found a faded altar of an unknown god.
   961 | D:1      | Reached XP level 3. HP: 31/31 MP: 3/3
   967 | D:1      | Prayed at the altar of an unknown god.
   967 | D:1      | Became a worshipper of Gozag Ym Sagoz the Greedy
  1171 | D:2      | Found an opulent altar of Gozag.
  1178 | D:2      | Noticed Sigmund
  1242 | D:2      | HP: 1/46 [Sigmund/+2 scythe of protection (2)]
  1243 | D:2      | Mangled by Sigmund

Illustrated notes

Levels and vault maps discovered:
D:1:      lightli_arrival_windingriver, layout_loops_ring,
          shapermc_ecumenical_altar_mp_highgroup, corexii_corridor_pit,
          chequers_mini_garden
D:2:      layout_basic, basic_altar, serial_shops,
          nicolae_shop_advertising_works [nicolae_subvault_shop_adworks],
          minmay_quantized, uniq_natasha, uniq_sigmund

Skill      XL: |  1  2 |
---------------+-------+-----
Armour         | 1 2 |  2.9
Fighting       | |  3.6
Axes           | |  4.0
Dodging        | |  2.4
Stealth        | |  1.5

Action                   || total
-------------------------++-------
Melee: Hand axe          ||    64
Throw: Stone             ||     3
  Use: Potion            ||     5
       Scroll            ||     4
Armor: Ring mail         ||    17
       Skin              ||    15
Dodge: Dodged            ||    56

Table legend: (Time is in decaauts)
 A = Elapsed time spent in this place.
 B = Non-inter-level travel time spent in this place.
 C = Inter-level travel time spent in this place.
 D = Time resting spent in this place.
 E = Time spent auto-exploring this place.
 F = Levels seen in this place.
 G = Mean time per level.
                   A        B        C        D        E       F      G
               +--------+--------+--------+--------+--------+-----+--------+
         Total |   1251 |   1148 |    103 |      0 |    899 |   2 |  625.5 |
       Dungeon |   1251 |   1148 |    103 |      0 |    899 |   2 |  625.5 |
               +--------+--------+--------+--------+--------+-----+--------+

Top non-repeatable levels by time:
     D:1: 1127 daAuts
     D:2: 124 daAuts
